 Dungeon Crawl Stone Soup version 0.27-a0-590-g94244163b4 (webtiles) character file.

Game seed: 16380024531484469507

9 kae the Ruffian (level 2, 0/25 HPs)
             Began as a Naga Transmuter on Mar 10, 2021.
             Slain by a leopard gecko (4 damage)
             ... on level 1 of the Dungeon.
             The game lasted 00:00:18 (656 turns).

kae the Ruffian (Naga Transmuter)                    Turns: 656, Time: 00:00:18

Health: 0/25       AC:  1    Str: 12    XL:     2   Next: 12%
Magic:  4/5        EV:  9    Int: 13    God:
Gold:   6          SH:  0    Dex: 11    Spells: 4/5 levels left

rFire    . . .     SeeInvis +     - Unarmed
rCold    . . .     Faith    .   (no shield)
rNeg     . . .     Spirit   .   a - +0 robe
rPois    +         Reflect  .   (helmet currently unavailable)
rElec    .         Harm     .   (no cloak)
rCorr    .         Rampage  .   (no gloves)
Will     .....                  (no barding)
Stlth    +.........             (no amulet)
HPRegen  0.08/turn              (no ring)
MPRegen  0.09/turn              (no ring)

@: appendages (expiring), very slow
A: large, horns 2, see invisible, deformed body, poison resistance, slowness 2,
spit poison 1, naga tail 1, AC +0
a: Spit Poison, End Transformation


You were on level 1 of the Dungeon.
You had grown temporary horns.
You visited 1 branch of the dungeon, and saw 1 of its levels.

You collected 6 gold pieces.

Inventory:

Armour
 a - a +0 robe (worn)
Scrolls
 b - a scroll of blinking {unknown}
 c - a scroll of teleportation {unknown}
Potions
 d - a potion of lignification {unknown}


   Skills:
 + Level 1.1 Fighting
 + Level 1.6 Dodging
 * Level 3.1 Unarmed Combat
 + Level 2.1 Spellcasting
 * Level 2.2 Transmutations


You had 4 spell levels left.
You knew the following spells:

 Your Spells              Type           Power      Damage    Failure   Level
a - Beastly Appendage     Tmut           14%        N/A       10%         1

Your spell library contained the following spells:

 Spells                   Type           Power      Damage    Failure   Level
 Wereblood                Tmut           7%         N/A       16%         2
 Spider Form              Tmut/Pois      2%         N/A       43%         3
 Ice Form                 Ice/Tmut       4%         N/A       85%         4
 Blade Hands              Tmut           3%         N/A       95%         5


Dungeon Overview and Level Annotations

Branches:
Dungeon (1/15)

Altars:


Innate Abilities, Weirdness & Mutations

Your serpentine skin is tough. (AC +0)
You have supernaturally acute eyesight. (SInv)
Armour fits poorly on your strangely shaped body.
Your system is resistant to poisons. (rPois)
You cover ground very slowly.
You can spit poison.
You have a snake-like lower body.
You have a pair of horns on your head.


Message History

There are monsters nearby!
Your magical contamination has completely faded away.
Okay, then.
The leopard gecko barely misses you.
The leopard gecko bites you but does no damage. x2
The leopard gecko barely misses you.
Abil: Spit Poison
Press: ? - help, Q - select action, (/) - cycle Shift-Dir - straight line, f - leopard gecko
Aim: a leopard gecko The splash of poison hits the leopard gecko.
The leopard gecko is poisoned.
The leopard gecko is lightly wounded.
The leopard gecko bites you.
You hit the leopard gecko but do no damage.
The leopard gecko is lightly wounded.
The leopard gecko closely misses you.
You hit the leopard gecko but do no damage.
The leopard gecko is lightly wounded.
The leopard gecko barely misses you. The leopard gecko bites you.
Casting: Beastly Appendage (safe; 11% risk of failure)
Confirm with . or Enter, or press ? or * to list all spells.
You grow a pair of large bovine horns.
The leopard gecko barely misses you. The leopard gecko barely misses you.
You barely miss the leopard gecko.
The leopard gecko is heavily wounded.
The leopard gecko misses you.
You barely miss the leopard gecko.
The leopard gecko is severely wounded.
The leopard gecko bites you.
The giant cockroach waves its antennae.
You barely miss the leopard gecko. You headbutt the leopard gecko.
You kill the leopard gecko!
You have got your breath back.
The leopard gecko bites you.
You closely miss the leopard gecko.
Your transformation is almost over.
The leopard gecko bites you.
* * * LOW HITPOINT WARNING * * *
You completely miss the leopard gecko. The leopard gecko bites you.
You die...

##.......## .......... ..P
##.......### ♣..♣ ####
#.....# #.#.# ...# #.....#
#.#.# ##.###.....###.#.##
##.#........##...$ ... ..
##.#........##.#.# .h#.B #
##.#.♣♣P♣♣..##.#@# ..#. .#
.P.#.....♣....h#l##... ..B
...#.♣P♣.......hBh#.$#....
..P#.♣.P.......#..#.......
♣PP..♣♣P.♣..##.#..#.......
♣♣..........♣♣♣♣..........
♣..########♣♣♣♣♣♣.........
♣.......# ♣♣.P.P♣♣##......
P.......##♣.P...♣ ......


You could see a leopard gecko, 2 jackals and a giant cockroach.

Vanquished Creatures
  A leopard gecko (D:1)
  A bat (D:1)
  A giant cockroach (D:1)
  A goblin (D:1)
  A hobgoblin (D:1)
  A kobold (D:1)
  A rat (D:1)
7 creatures vanquished.

Notes
Turn   | Place    | Note
-------+----------+-------------------------------------------
     0 | D:1      | kae the Naga Transmuter began the quest for the Orb.
     0 | D:1      | Reached XP level 1. HP: 18/18 MP: 3/3
   638 | D:1      | Reached XP level 2. HP: 25/25 MP: 3/5
   656 | D:1      | Slain by a leopard gecko

Illustrated notes

Levels and vault maps discovered:
D:1:      sevenhm_arrival_forest_fort_small_5, layout_basic, serial_forest,
          infiniplex_forest_fountain, infiniplex_forest_clump_medium,
          infiniplex_forest_clump_curved, infiniplex_forest_end_2,
          infiniplex_forest_clump_diagonal, infiniplex_forest_zigzag_2,
          infiniplex_forest_clump_tiny, infiniplex_forest_end_2,
          infiniplex_forest_corner_1, minmay_tiny_reverse_x

Action                   || total
-------------------------++-------
Melee: Unarmed           ||    26
       Headbutt          ||     1
 Cast: Beastly Appendage ||     5
 Abil: Spit Poison       ||     4
Armor: Robe              ||     5
Dodge: Dodged            ||    17

Table legend: (Time is in decaauts)
 A = Elapsed time spent in this place.
 B = Non-inter-level travel time spent in this place.
 C = Inter-level travel time spent in this place.
 D = Time resting spent in this place.
 E = Time spent auto-exploring this place.
 F = Levels seen in this place.
 G = Mean time per level.
                   A        B        C        D        E       F      G
               +--------+--------+--------+--------+--------+-----+--------+
         Total |    751 |    751 |      0 |      0 |    676 |   1 |  751.0 |
       Dungeon |    751 |    751 |      0 |      0 |    676 |   1 |  751.0 |
               +--------+--------+--------+--------+--------+-----+--------+

Top non-repeatable levels by time:
     D:1: 751 daAuts
